 Dungeon Sprint DCSS version 0.19.1 (webtiles) character file.

21534 equalderp2856 the Sabretooth (level 12, -19/60 HPs)
             Began as a Felid Fighter on Nov 28, 2016.
             Was the Champion of Nemelex Xobeh.
             Killed from afar by Nikola (25 damage)
             ... with a chain lightning
             ... in the Dungeon (Sprint IX: "|||||||||||||||||||||||||||||").
             The game lasted 00:36:56 (10310 turns).

equalderp2856 the Sabretooth (Felid Fighter)       Turns: 10310, Time: 00:36:57

Health: -19/60     AC:  7    Str: 14    XL:     12   Next: 55%
Magic:  24/24      EV: 37    Int: 12    God:    Nemelex Xobeh [******]
Gold:   1927       SH:  0    Dex: 16    Spells: 0 memorised, 11 levels left
                                        Lives:  0   Deaths: 3

rFire  . . .     SeeInvis +       - Unarmed
rCold  + . .     Gourm    .     (armour unavailable)
rNeg   . . .     Faith    .     (shield unavailable)
rPois  .         Spirit   .     (helmet unavailable)
rElec  .         Reflect  .     (cloak unavailable)
rCorr  .         Harm     .     (gloves unavailable)
MR     +....     NoTele   +     (boots unavailable)
Stlth  +++++++++.               X - amulet of regeneration
                                o - +2 ring of evasion
                                C - +4 ring of protection

@: quick
A: no armour, no weapons or thrown items, stealth, claws 1, fangs 3, see
invisible, carnivore 3, speed 1, shaggy fur 3, slow metabolism 1, sharp paws
a: Triple Draw, Deal Four, Stack Five, Renounce Religion


You were in the Dungeon.
You worshipped Nemelex Xobeh.
Nemelex Xobeh was exalted by your worship.
You were not hungry.

You visited 1 branch You collected 1927 gold pieces.

Inventory:

Hand Weapons
 V - a +0 long sword
Armour
 T - a +0 scale mail
Jewellery
 n - a +2 ring of protection
 o - a +2 ring of evasion (right paw)
 C - a +4 ring of protection (left paw)
 F - an uncursed ring of ice
 G - an uncursed ring of protection from magic
 H - an uncursed ring of protection from cold
 I - an uncursed ring of poison resistance
 S - a +6 ring of strength
 U - a +6 ring of strength
 W - a +6 ring of intelligence
 X - an amulet of regeneration (around neck)
Wands
 m - a wand of lightning (7/15)
 u - a wand of acid (1/15)
 v - a wand of teleportation (2/9)
Scrolls
 h - 2 scrolls of blinking
 k - 5 scrolls of remove curse
 l - 2 scrolls of amnesia
 s - 6 scrolls of fog
 L - a scroll of fear
Potions
 a - 3 potions of might
 c - 6 potions of curing
 d - a potion of heal wounds
 e - 3 potions of haste
 f - 4 potions of magic
 g - 2 potions of berserk rage
 j - a potion of invisibility
 r - 5 potions of agility
 K - 2 potions of brilliance
 Y - a potion of cure mutation
Miscellaneous
 b - a legendary deck of escape
 i - a plain deck of destruction {drawn: 10}
 p - a plain deck of escape
 q - an ornate deck of escape
 w - a plain deck of destruction {drawn: 8}
 x - a plain deck of destruction {drawn: 1}
 y - an ornate deck of escape
 z - an ornate deck of summoning {drawn: 1}
 A - an ornate deck of destruction
 B - an ornate deck of summoning
 D - a plain deck of destruction
 E - a legendary deck of summoning {drawn: 8}
 J - a plain deck of escape
 M - a plain deck of destruction {drawn: 1}
 N - a plain deck of destruction
 O - a legendary deck of escape
 P - an ornate deck of summoning
 Q - a plain deck of destruction
 R - a plain deck of destruction
 Z - a plain deck of summoning
Comestibles
 t - 10 meat rations


   Skills:
 + Level 11.1 Fighting
 + Level 21.7 Dodging
 + Level 23.1 Stealth
 O Level 27 Unarmed Combat
 + Level 14.9 Invocations


You had 11 spell levels left.
You didn't know any spells.

Dungeon Overview and Level Annotations

Branches:
Dungeon (1/1)

Altars:
Cheibriados
Dithmenos
Elyvilon
Fedhas
Gozag
Hepliaklqana
Kikubaaqudgha
Makhleb
Nemelex Xobeh
Okawaru
Qazlal
Ru
Sif Muna
Trog
Uskayaw
Vehumet
Xom
Yredelemnul
Zin
The Shining One
Beogh
Jiyva
Lugonu

Shops:
D !=(}

Annotations:
D Jory, Nikola, Sojobo


Innate Abilities, Weirdness & Mutations

You cannot wear armour.
You are incapable of wielding weapons or throwing items.
Your paws allow you to move quietly. (Stealth)
You have sharp claws.
You have razor-sharp teeth.
You have supernaturally acute eyesight. (SInv)
You are carnivorous and can eat meat at any time.
You cover ground quickly.
Your thick and shaggy fur keeps you warm. (AC +3, rC+)
You have a slow metabolism.
Your sharp claws are effective at attacking unaware monsters.


Message History

Okay, then.
Okay, then.
Okay, then.
You can't grasp things well enough to throw them.
Nikola gestures wildly while chanting.
Nikola blinks!
Ciboe disappears in a puff of smoke!
Nikola casts a spell.
You hear a mighty clap of thunder!
The lightning arc hits your lorocyproca.
Your lorocyproca resists.
The lightning arc hits your lorocyproca.
Your lorocyproca resists.
The lightning arc hits you!
* * * LOW HITPOINT WARNING * * *
The lightning arc hits your lorocyproca.
Your lorocyproca resists.
The lightning arc hits you!
You die...
Your body disappears without a glow.

▓.▓
▓§▓.▓.▓.▓.▓'▓.
▓.▓
▓§▓.▓.▓.▓.♣)♣.
▓.▓
▓E▓.▓.▓.▓.♣.♣.
▓.▓
▓E▓.▓.▓.▓.♣.♣.
▓.▓
▓§▓.▓.▓)▓.♣.♣.
▓.▓
▓.▓.▓.▓)▓.♣.♣[
▓.▓
▓.▓.▓.▓)▓.♣.♣.
▓.▓
▓.▓.▓.▓.▓.♣.♣.
▓@▓
▓.▓.▓.▓(▓.♣.♣.
▓2▓
▓.▓[▓.▓'▓.♣.♣.
▓.▓
▓.▓[▓.▓.▓.♣+♣.
▓}▓
▓.▓[▓.▓.▓.▓.▓.
▓.▓
▓.▓[▓.▓.▓.▓.▓.
▓@▓
▓.▓[▓.▓.▓.▓.▓.
▓.▓
▓.▓[▓.▓.▓.▓.▓.
▓.▓
▓Q▓.▓.▓.▓)▓.▓.
▓.▓
▓.▓.▓.▓.▓.▓.▓.


You could see Nikola and a friendly lorocyproca (invisible).

Vanquished Creatures
  Mara (D)
  Margery (D)
  2 liches (D)
  A nagaraja (D)
  A fire giant (D)
  A frost giant (D)
  A vault warden (D)
  3 stone giants (D)
  Nessos (D)
  Azrael (D)
  4 ettins (D)
  A merfolk javelineer (D)
  A merfolk impaler (D)
  Harold (D)
  A rakshasa (D)
  2 hydras (D)
  3 centaur warriors (D)
  2 great orbs of eyes (D)
  A merfolk aquamancer (D)
  2 alligators (D)
  A naga warrior (D)
  2 anacondas (D)
  A spriggan air mage (D)
  A deep troll earth mage (D)
  An ogre mage (D)
  A death yak (D)
  4 hell knights (D)
  2 wizards (D)
  A shadow demon (D)
  2 unseen horrors (D)
  3 orc knights (D)
  4 wolf spiders (D)
  A manticore (D)
  A deep elf mage (D)
  8 orc sorcerers (D)
  2 ugly things (D)
  A black mamba (D)
  Joseph (D)
  A water nymph (D)
  Psyche (D)
  3 vault sentinels (D)
  An eye of devastation (D)
  A gargoyle (D)
  A spiny frog (shapeshifter) (D)
  2 spiny frogs (D)
  A torpor snail (D)
  3 komodo dragons (D)
  5 yaktaurs (D)
  A jumping spider (D)
  6 polar bears (D)
  A two-headed ogre (D)
  3 hornets (D)
  2 tarantellas (D)
  4 yaks (D)
  A wraith (D)
  2 redbacks (D)
  A basilisk (shapeshifter) (D)
  5 fire elementals (D)
  A hungry ghost (D)
  Grum (D)
  A floating eye (D)
  2 porcupines (D)
  3 water moccasins (D)
  A hell hound (D)
  An ice beast (D)
  8 orc warriors (D)
  A sky beast (D)
  2 black bears (D)
  A phantom (D)
  A boggart (D)
  A centaur (D)
  4 wolves (D)
  4 crocodiles (D)
  2 bullfrogs (D)
  A killer bee (D)
  A howler monkey (D)
  3 orc priests (D)
  10 orc wizards (D)
  An iguana (D)
  A worker ant (D)
  A gnoll (D)
  A shadow imp (D)
  An adder skeleton (D)
  A dart slug (D)
  7 orcs (D)
  A bat skeleton (D)
  A giant cockroach (D)
  A goblin (D)
  2 quokkas (D)
  A bat (D)
181 creatures vanquished.

Vanquished Creatures (collateral kills)
  A tengu reaver (D)
  A fire giant (D)
  An ice dragon (D)
  A spriggan air mage (D)
  An ogre mage (D)
  A shock serpent (D)
  A naga sharpshooter (D)
  A skeletal warrior (D)
  A shambling mangrove (D)
  A wolf spider (D)
  A lindwurm (D)
  A cyclops (D)
  A guardian serpent (D)
  A demonic crawler (D)
  A queen bee (shapeshifter) (D)
  A tyrant leech (D)
  2 hornets (D)
  A naga (D)
  A block of ice (D)
20 creatures vanquished.

Vanquished Creatures (others)
  A spark wasp (D)
1 creature vanquished.

Grand Total: 202 creatures vanquished

Notes
Turn   | Place    | Note
-------+----------+-------------------------------------------
     0 | D        | equalderp2856 the Felid Fighter began the quest for the Orb.
     0 | D        | Reached XP level 1. HP: 10/10 MP: 2/2
     6 | D        | Reached skill level 1 in Stealth
     6 | D        | Reached skill level 5 in Unarmed Combat
     6 | D        | Reached XP level 2. HP: 14/14 MP: 3/3
    18 | D        | Noticed a howler monkey
    35 | D        | Killed a howler monkey
    35 | D        | Reached skill level 5 in Dodging
    35 | D        | Reached skill level 7 in Unarmed Combat
    35 | D        | Reached XP level 3. HP: 14/18 MP: 4/4
    42 | D        | Found a roughly hewn altar of Beogh.
    42 | D        | Found a snail-covered altar of Cheibriados.
    42 | D        | Found a shadowy altar of Dithmenos.
    42 | D        | Found a white marble altar of Elyvilon.
    42 | D        | Found a blossoming altar of Fedhas.
    42 | D        | Found an opulent altar of Gozag.
    43 | D        | Found a hazy altar of Hepliaklqana.
    44 | D        | Found a viscous altar of Jiyva.
    45 | D        | Found an ancient bone altar of Kikubaaqudgha.
    46 | D        | Found a corrupted altar of Lugonu.
    47 | D        | Found a burning altar of Makhleb.
    48 | D        | Found a sparkling altar of Nemelex Xobeh.
    49 | D        | Found an iron altar of Okawaru.
    50 | D        | Found a stormy altar of Qazlal.
    51 | D        | Found a sacrificial altar of Ru.
    52 | D        | Found a deep blue altar of Sif Muna.
    53 | D        | Found a bloodstained altar of Trog.
    54 | D        | Found a hide-covered altar of Uskayaw.
    55 | D        | Found a radiant altar of Vehumet.
    56 | D        | Became a worshipper of Nemelex Xobeh the Trickster
    57 | D        | Found a shimmering altar of Xom.
    60 | D        | Found a basalt altar of Yredelemnul.
    60 | D        | Received a gift from Nemelex Xobeh
    62 | D        | Found a glowing silver altar of Zin.
    63 | D        | Found a glowing golden altar of the Shining One.
    90 | D        | Noticed a killer bee
    90 | D        | Noticed a phantom
    90 | D        | Noticed an unseen horror
    90 | D        | Noticed a hungry ghost
    90 | D        | Noticed a yak
   264 | D        | Killed a yak
   264 | D        | Reached skill level 5 in Fighting
   264 | D        | Reached skill level 10 in Unarmed Combat
   264 | D        | Reached XP level 4. HP: 17/23 MP: 5/5
   264 | D        | Reached XP level 5. HP: 19/26 MP: 6/6
   285 | D        | Killed a phantom
   285 | D        | Gained mutation: You are covered in thick fur. (AC +2) [Felid growth]
   285 | D        | Reached XP level 6. HP: 10/31 MP: 7/7
   314 | D        | Killed a hungry ghost
   314 | D        | Reached skill level 11 in Unarmed Combat
   319 | D        | Killed an unseen horror
   319 | D        | Reached skill level 5 in Stealth
   319 | D        | Reached skill level 13 in Unarmed Combat
   319 | D        | Reached XP level 7. HP: 27/36 MP: 8/8
   375 | D        | Reached skill level 14 in Unarmed Combat
   434 | D        | Noticed an unseen horror
   434 | D        | Noticed a five-headed hydra
   434 | D        | Noticed a two-headed ogre
   436 | D        | Killed a two-headed ogre
   436 | D        | Reached skill level 10 in Dodging
   436 | D        | Reached XP level 8. HP: 40/40 MP: 9/9
   439 | D        | Killed a five-headed hydra
   439 | D        | Reached skill level 15 in Unarmed Combat
   442 | D        | Killed an unseen horror
   442 | D        | Reached skill level 16 in Unarmed Combat
   442 | D        | Reached XP level 9. HP: 32/45 MP: 10/10
   534 | D        | Reached * piety under Nemelex Xobeh
   551 | D        | Received a gift from Nemelex Xobeh
   583 | D        | Received a gift from Nemelex Xobeh
   603 | D        | Reached ** piety under Nemelex Xobeh
   604 | D        | Received a gift from Nemelex Xobeh
   658 | D        | Noticed a spiny frog
   665 | D        | Reached skill level 17 in Unarmed Combat
   683 | D        | Killed a spiny frog
   839 | D        | Noticed a death yak
   839 | D        | Noticed a komodo dragon
   841 | D        | Killed a komodo dragon
   848 | D        | Reached skill level 18 in Unarmed Combat
   848 | D        | Reached XP level 10. HP: 49/49 MP: 11/11
   867 | D        | Killed a death yak
   867 | D        | Reached skill level 10 in Stealth
   893 | D        | HP: 1/49 [yak (18)]
  1228 | D        | Reached skill level 19 in Unarmed Combat
  1631 | D        | Received a gift from Nemelex Xobeh
  1747 | D        | Reached *** piety under Nemelex Xobeh
  1758 | D        | Noticed Psyche
  1763 | D        | Killed Psyche
  1774 | D        | Received a gift from Nemelex Xobeh
  1774 | D        | Noticed Harold
  1777 | D        | Noticed Grum
  1792 | D        | Killed Harold
  1792 | D        | Reached skill level 20 in Unarmed Combat
  1801 | D        | Killed Grum
  1805 | D        | Reached XP level 11. HP: 42/54 MP: 12/12
  1942 | D        | Received a gift from Nemelex Xobeh
  1943 | D        | Reached **** piety under Nemelex Xobeh
  2168 | D        | Noticed an orc sorcerer
  2168 | D        | Noticed an orc knight
  2168 | D        | Noticed an orc knight
  2170 | D        | Killed an orc knight
  2188 | D        | Noticed a sixfirhy
  2582 | D        | Killed an orc knight
  2944 | D        | Paralysed by an orc sorcerer for 2 turns
  2952 | D        | Killed an orc sorcerer
  2952 | D        | Reached skill level 21 in Unarmed Combat
  3044 | D        | Noticed an orc knight
  3262 | D        | Killed an orc knight
  3364 | D        | Received a gift from Nemelex Xobeh
  3364 | D        | Found Juxy's Gadget Boutique.
  3364 | D        | Noticed an orc sorcerer
  3364 | D        | Noticed an orc sorcerer
  3364 | D        | Noticed an orc sorcerer
  3364 | D        | Noticed an orc sorcerer
  3367 | D        | Killed an orc sorcerer
  3375 | D        | Killed an orc sorcerer
  3375 | D        | Reached skill level 10 in Fighting
  3378 | D        | Killed an orc sorcerer
  3379 | D        | Found Makochiz's Antique Weapon Shop.
  3380 | D        | Noticed an orc sorcerer
  3383 | D        | Killed an orc sorcerer
  3385 | D        | Found Baintael's Jewellery Boutique.
  3386 | D        | Paralysed by an orc sorcerer for 4 turns
  3392 | D        | Killed an orc sorcerer
  3395 | D        | Found Gus Vanko's Distillery.
  3400 | D        | Noticed an orc sorcerer
  3401 | D        | Noticed an orc sorcerer
  3448 | D        | Killed an orc sorcerer
  3448 | D        | Reached skill level 22 in Unarmed Combat
  3451 | D        | Killed an orc sorcerer
  3593 | D        | Reached ***** piety under Nemelex Xobeh
  3612 | D        | Received a gift from Nemelex Xobeh
  3671 | D        | Received a gift from Nemelex Xobeh
  3702 | D        | Noticed a skeletal warrior
  3702 | D        | Noticed a centaur warrior
  3702 | D        | Noticed a wizard
  3705 | D        | Killed a wizard
  3711 | D        | Noticed a deep troll earth mage
  3711 | D        | Killed a centaur warrior
  3714 | D        | Noticed a stone giant
  3746 | D        | Killed a skeletal warrior
  3779 | D        | Reached skill level 15 in Dodging
  3852 | D        | Killed a deep troll earth mage
  3852 | D        | Reached skill level 23 in Unarmed Combat
  3852 | D        | Reached skill level 1 in Invocations
  3852 | D        | Gained mutation: Your thick and shaggy fur keeps you warm. (AC +3, rC+) [Felid growth]
  3852 | D        | Reached XP level 12. HP: 35/58 MP: 13/13
  4035 | D        | Killed a stone giant
  4060 | D        | Noticed a stone giant
  4146 | D        | Killed a stone giant
  4150 | D        | Noticed an ettin
  4160 | D        | Killed an ettin
  4164 | D        | Noticed a rakshasa
  4191 | D        | Killed a rakshasa
  4191 | D        | Reached skill level 24 in Unarmed Combat
  4324 | D        | Received a gift from Nemelex Xobeh
  4362 | D        | Received a gift from Nemelex Xobeh
  4381 | D        | Noticed Joseph
  4388 | D        | Killed Joseph
  4406 | D        | Received a gift from Nemelex Xobeh
  4436 | D        | Noticed a nagaraja
  4436 | D        | Noticed an anaconda
  4456 | D        | Killed an anaconda
  4781 | D        | Slain by a nagaraja
  4782 | D        | Reached XP level 11. HP: -2/54 MP: 14/14
  4852 | D        | Killed a nagaraja
  4893 | D        | Noticed an anaconda
  4901 | D        | Killed an anaconda
  4990 | D        | Noticed a naga warrior
  5002 | D        | Killed a naga warrior
  5012 | D        | Received a gift from Nemelex Xobeh
  5012 | D        | Noticed a wolf spider
  5012 | D        | Noticed a wolf spider
  5013 | D        | Noticed a wolf spider
  5022 | D        | Killed a wolf spider
  5022 | D        | Reached skill level 25 in Unarmed Combat
  5031 | D        | Reached XP level 12. HP: 45/58 MP: 16/16
  5236 | D        | Noticed an alligator
  5236 | D        | Noticed an alligator
  5241 | D        | Noticed a seven-headed hydra
  5245 | D        | Killed an alligator
  5249 | D        | Killed an alligator
  5649 | D        | Killed a seven-headed hydra
  5649 | D        | Reached skill level 15 in Stealth
  5914 | D        | Noticed a merfolk javelineer
  5914 | D        | Noticed a merfolk aquamancer
  5915 | D        | Noticed a merfolk impaler
  5916 | D        | Killed a merfolk aquamancer
  5916 | D        | Reached skill level 5 in Invocations
  5918 | D        | Killed a merfolk javelineer
  5918 | D        | Reached skill level 26 in Unarmed Combat
  5943 | D        | Noticed a spark wasp
  5943 | D        | a merfolk impaler changed into a spark wasp
  5945 | D        | Noticed a merfolk impaler
  5948 | D        | Killed a spark wasp
  6281 | D        | Killed a merfolk impaler
  6467 | D        | Received a gift from Nemelex Xobeh
  6499 | D        | Noticed Azrael
  6501 | D        | Received a gift from Nemelex Xobeh
  6521 | D        | Killed Azrael
  6661 | D        | Reached ****** piety under Nemelex Xobeh
  6693 | D        | Received a gift from Nemelex Xobeh
  6721 | D        | Received a gift from Nemelex Xobeh
  6742 | D        | Noticed a rakshasa
  6742 | D        | Noticed a centaur warrior
  6742 | D        | Noticed a frost giant
  6742 | D        | Noticed an ettin
  6743 | D        | Noticed a fire giant
  6744 | D        | Killed an ettin
  6744 | D        | Reached XP level 13. HP: 62/62 MP: 19/19
  6759 | D        | Noticed a stone giant
  6759 | D        | a frost giant changed into a stone giant
  6767 | D        | Killed a stone giant
  6783 | D        | Killed a fire giant
  6809 | D        | Noticed an ettin
  6935 | D        | Killed an ettin
  6935 | D        | Reached skill level 27 in Unarmed Combat
  7149 | D        | Noticed a frost giant
  7554 | D        | Killed a frost giant
  7614 | D        | Noticed a fire giant
  7622 | D        | Reached skill level 10 in Invocations
  7627 | D        | Killed a fire giant
  7813 | D        | Noticed a vault warden
  7860 | D        | Killed a vault warden
  7864 | D        | Noticed an ettin
  7869 | D        | Noticed a lich
  7936 | D        | Noticed a lich
  8124 | D        | Killed a lich
  8410 | D        | Killed a lich
  8410 | D        | Reached XP level 14. HP: 62/66 MP: 24/24
  8718 | D        | Received a gift from Nemelex Xobeh
  8749 | D        | Noticed Margery
  9226 | D        | Killed Margery
  9582 | D        | Received a gift from Nemelex Xobeh
  9626 | D        | Received a gift from Nemelex Xobeh
  9644 | D        | Received a gift from Nemelex Xobeh
  9694 | D        | Received a gift from Nemelex Xobeh
  9764 | D        | Received a gift from Nemelex Xobeh
  9770 | D        | Noticed Nessos
  9782 | D        | Killed Nessos
  9790 | D        | Noticed Mara
  9792 | D        | Received a gift from Nemelex Xobeh
  9798 | D        | Noticed equalderp2856's illusion
  9833 | D        | Killed Mara
  9848 | D        | Noticed a tengu reaver
  9849 | D        | Noticed Sojobo
  9850 | D        | Noticed Jory
  9851 | D        | Noticed a tengu reaver
  9878 | D        | Killed a tengu reaver
  9912 | D        | Collided with a centaur warrior
  9913 | D        | Reached XP level 13. HP: -19/63 MP: 25/25
 10139 | D        | Slain by Jory
 10140 | D        | Reached XP level 12. HP: 0/60 MP: 24/24
 10140 | D        | Received a gift from Nemelex Xobeh
 10141 | D        | Noticed Nikola
 10162 | D        | Received a gift from Nemelex Xobeh
 10175 | D        | Received a gift from Nemelex Xobeh
 10310 | D        | Killed from afar by Nikola

Skill      XL: |  1  2  3  4  5  6  7  8  9 10 11 12 13 14 |
---------------+-------------------------------------------+-----
Stealth        | 1 2 3 4 5 7 9 11 14 15 20 23 | 23.1
Unarmed Combat | 5 7 10 13 14 16 18 20 25 26 27 | 27.0
Fighting       | 4 5 7 8 9 10 11 | 11.1
Dodging        | 5 7 8 9 10 11 13 16 17 19 21 | 21.7
Invocations    | 4 7 12 14 | 14.9

Action                   |  1- 3 |  4- 6 |  7- 9 | 10-12 | 13-15 || total
-------------------------+-------+-------+-------+-------+-------++-------
Melee: Unarmed           |    37 |    34 |    63 |   441 |   145 ||   720
       Bite              |     3 |     6 |     7 |    57 |    14 ||    87
       Punch             |     3 |     1 |     5 |    40 |    19 ||    68
Evoke: Deck              |       |       |       |    34 |    28 ||    62
  Use: Potion            |       |     1 |       |     7 |     2 ||    10
       Scroll            |       |       |       |     1 |     1 ||     2
 Stab: Sleeping          |     1 |       |     4 |     6 |     1 ||    12
       Distracted        |       |       |       |     5 |     4 ||     9
       Petrified         |       |       |       |       |     1 ||     1
  Eat: Meat ration       |       |     1 |       |     2 |     1 ||     4
       Chunk             |       |       |       |     1 |       ||     1
Armor: Skin              |       |     7 |     2 |    13 |       ||    22
Dodge: Dodged            |    18 |    25 |    36 |   303 |    65 ||   447
